 Dungeon Crawl Stone Soup version 0.21.0-3-g78d12a8 (console) character file.

46 removed the Sneak (level 3, -1/24 HPs)
             Began as a Mummy Enchanter on Jan 16, 2018.
             Slain by an adder (2 damage)
             ... on level 2 of the Dungeon.
             The game lasted 00:04:04 (1659 turns).

removed the Sneak (Mummy Enchanter)                 Turns: 1659, Time: 00:04:04

Health: -1/24      AC:  3    Str: 11    XL:     3   Next: 46%
Magic:  1/7        EV: 12    Int: 15    God:
Gold:   72         SH:  0    Dex: 12    Spells: 4/7 levels left

rFire    x . .     SeeInvis .   a - +1 dagger
rCold    + . .     Gourm    .   (no shield)
rNeg     + + +     Faith    .   b - +0 robe
rPois    ∞         Spirit   .   e - +0 helmet (curse)
rElec    .         Reflect  .   (no cloak)
rCorr    .         Harm     .   (no gloves)
MR       .....                  (no boots)
Stlth    ++........             (no amulet)
HPRegen  0.08/turn              (no ring)
MPRegen  0.10/turn              (no ring)

@: very slightly contaminated
A: no food or potions, fire vulnerability, cold resistance 1, negative energy
resistance 3, torment resistance, unbreathing
a: no special abilities


You were on level 2 of the Dungeon.
You were not hungry.

You visited 1 branch of the dungeon, and saw 2 of its levels.

You collected 72 gold pieces.

Inventory:

Hand Weapons
 a - a +1 dagger (weapon)
Missiles
 i - 7 curare-tipped needles
Armour
 b - a +0 robe (worn)
 e - a cursed +0 helmet (worn)
 h - a +1 shield of protection
Scrolls
 d - a scroll of random uselessness {unknown}
 f - 3 scrolls of identify {unknown}
 g - a scroll of immolation {unknown}
Books
 c - a book of Maledictions

   Spells                             Type                      Level
   a - Corona                         Hexes                        1
   b - Ensorcelled Hibernation        Hexes/Ice                    2
   c - Confuse                        Hexes                        3
   d - Tukima's Dance                 Hexes                        3
   e - Dazzling Spray                 Conjuration/Hexes            3


   Skills:
 - Level 2.0 Short Blades
 - Level 1.5 Dodging
 - Level 3.0 Stealth
 - Level 2.6 Spellcasting
 - Level 2.6 Hexes
 + Level 0.8 Ice Magic


You had 4 spell levels left.
You knew the following spells:

 Your Spells              Type           Power        Failure   Level  Hunger
a - Corona                Hex            ##.....      7%          1    N/A
b - Ensorcelled Hibernat  Hex/Ice        #.....       16%         2    N/A

Dungeon Overview and Level Annotations

Branches:
Dungeon (2/15)

Altars:

Annotations:
D:2 Sigmund


Innate Abilities, Weirdness & Mutations

You do not eat or drink.
Your flesh is vulnerable to fire.
You are immune to poison.
Your flesh is cold resistant. (rC+)
You are immune to negative energy. (rN+++)
You are immune to unholy pain and torment.
You can survive without breathing.


Message History

The adder closely misses you.
You hit the adder but do no damage.
The adder is severely wounded.
The adder bites you.
* * * LOW HITPOINT WARNING * * *
The adder bites you.
* * * LOW HITPOINT WARNING * * *
You aren't carrying any items that you can evoke.
You can't drink.
Unknown command.
Casting: Corona
Confirm with . or Enter, or press ? or * to list all spells.
Aiming: Corona
Press: ? - help, Shift-Dir - straight line, f/p - adder
Aim: an adder (severely wounded, chance to defeat MR: 54%)
The adder struggles to resist.
The adder closely misses you.
You hit the adder.
The adder is almost dead.
The adder bites you.
You die...

. .#### #.#.##..#.
....$.#### #.#.###.#.
....S....# #.#.# #.#.
...r..##r# #.#.# #.#. .....
#.# #.#.# #.#. #### #S#
#.#.# #.#. #.# #.#.# #...
#.#############.#.# ##..
#....rS@.)......#.# #.>
#################.# ### #.#
#.# #.# #.# #.#
##########################.#
...........................#


You could see an adder and a rat.

Vanquished Creatures
  An adder (D:2)
  An ooze (D:1)
  A worm (D:2)
  2 giant cockroaches
  4 goblins (D:1)
  4 hobgoblins
  3 jackals (D:2)
  4 kobolds
  A quokka (D:2)
  A bat (D:1)
  3 frilled lizards
  4 rats
29 creatures vanquished.

Notes
Turn   | Place    | Note
-------+----------+-------------------------------------------
     0 | D:1      | removed the Mummy Enchanter began the quest for the Orb.
     0 | D:1      | Reached XP level 1. HP: 13/13 MP: 4/4
    70 | D:1      | Reached skill level 1 in Short Blades
   404 | D:1      | Reached XP level 2. HP: 19/19 MP: 5/5
   408 | D:1      | Learned a level 2 spell: Ensorcelled Hibernation
  1250 | D:2      | Reached XP level 3. HP: 19/24 MP: 0/7
  1391 | D:2      | Reached skill level 3 in Stealth
  1510 | D:2      | Noticed Sigmund
  1657 | D:2      | HP: 1/24 [adder (3)]
  1659 | D:2      | Slain by an adder

Skill      XL: |  1  2  3 |
---------------+----------+-----
Short Blades   | 1 2 |  2.0
Stealth        | 3 |  3.0
Dodging        | |  1.5
Spellcasting   | |  2.6
Hexes          | |  2.6
Ice Magic      | |  0.8

Action                   || total
-------------------------++-------
Melee: Dagger            ||   115
 Cast: Corona            ||    19
       Ensorcelled Hiber ||     7
 Stab: Sleeping          ||     6
       Distracted        ||     1
Armor: Robe              ||    17
Dodge: Dodged            ||    73
